 Dungeon Crawl Stone Soup version 0.22-a0-414-gacd343e (console) character file.

106001 TheHuntress the Sharpshooter (level 15, -4/132 HPs)
             Began as a Demigod Hunter on May 13, 2018.
             Killed from afar by a shock serpent (16 damage)
             ... with a bolt of electricity
             ... on level 1 of the Snake Pit.
             The game lasted 01:30:08 (42970 turns).

TheHuntress the Sharpshooter (Demigod Hunter)      Turns: 42970, Time: 01:30:08

Health: -4/132     AC: 24    Str: 22    XL:     15   Next: 48%
Magic:  20/22      EV: 12    Int: 19    God:
Gold:   548        SH:  4    Dex: 18    Spells: 14/14 levels left

rFire    + . .     SeeInvis .   a - +4 arbalest of Coeta {penet, Str+6}
rCold    . . .     Gourm    .   (shield currently unavailable)
rNeg     + . .     Faith    .   U - +1 plate armour {rF+}
rPois    +         Spirit   .   K - +1 helmet
rElec    .         Reflect  +   R - +0 cloak
rCorr    .         Harm     .   x - +1 pair of gloves
MR       ++...                  S - +0 pair of boots
Stlth    ..........             g - +4 amulet of reflection
HPRegen  0.32/turn              T - ring of protection from magic
MPRegen  0.18/turn              G - ring "Nok Koy" {rPois rN+ Str-5 Dex+2}

@: no status effects
A: high mp 1
a: no special abilities


You were on level 1 of the Snake Pit.
You were hungry.

You visited 4 branches of the dungeon, and saw 24 of its levels.
You visited 1 bazaar.
You also visited: Ossuary.

You collected 2448 gold pieces.
You spent 1900 gold pieces at shops.

Inventory:

Hand Weapons
 a - the +4 arbalest of Coeta (weapon) {penet, Str+6}
   (You acquired it on level 10 of the Dungeon)

   Ammo fired by it will pass through the targets it hits, potentially hitting
   all targets in its path until it reaches maximum range.
   It affects your strength (+6).
 b - a +2 war axe of flaming
 H - a +2 scimitar of draining
 Z - a +2 arbalest of flaming
Missiles
 d - 45 bolts (quivered)
Armour
 x - a +1 pair of gloves (worn)
 K - a +1 helmet (worn)
 R - a +0 cloak (worn)
 S - a +0 pair of boots (worn)
 U - a +1 plate armour of fire resistance (worn)
Jewellery
 g - a +4 amulet of reflection (around neck)
 m - an uncursed amulet of rage
 t - an uncursed ring of positive energy
 y - an uncursed ring of protection from cold
 D - an uncursed ring of flight
 G - the ring "Nok Koy" (right hand) {rPois rN+ Str-5 Dex+2}
   (You found it on level 6 of the Dungeon)

   [ring of positive energy]

   It affects your strength (-5).
   It affects your dexterity (+2).
   It protects you from poison.
   It protects you from negative energy.
 T - a ring of protection from magic (left hand)
Wands
 c - a wand of iceblast (33)
 q - a wand of digging (21)
 I - a wand of acid (15)
 J - a wand of flame (12)
 W - a wand of paralysis (9)
Scrolls
 h - 3 scrolls of immolation
 i - 9 scrolls of magic mapping
 j - 5 scrolls of remove curse
 k - 7 scrolls of teleportation
 o - 3 scrolls of fog
 s - 6 scrolls of amnesia
 w - 2 scrolls of blinking
 z - 2 scrolls of enchant armour
 F - 11 scrolls of identify
 M - a scroll of silence
 N - a scroll of brand weapon
 O - 4 scrolls of enchant weapon
 P - 2 scrolls of vulnerability
 Q - 3 scrolls of fear
Potions
 e - 2 potions of heal wounds
 l - 5 potions of brilliance
 n - 3 potions of agility
 p - 3 potions of haste
 u - 6 potions of curing
 v - 3 potions of resistance
 A - 3 potions of flight
 B - a potion of invisibility
 C - 2 potions of mutation
 V - a potion of might {unknown}
 X - a potion of magic
 Y - a potion of cancellation
Miscellaneous
 r - a lightning rod (4/4)
 E - a lamp of fire
Comestibles
 f - 35 rations


   Skills:
 - Level 12.0 Fighting
 - Level 18.0 Crossbows
 - Level 11.0 Armour
 + Level 9.4 Dodging
 - Level 0.8 Stealth
 - Level 5.0 Evocations


You had 14 spell levels left.
You didn't know any spells.
Your spell library contained the following spells:

 Spells                   Type           Power        Failure   Level  Hunger
 Cause Fear               Hex            #.........   100%        4    #####..
 Magic Dart               Conj           #...         95%         1    ##.....
 Slow                     Hex            #.......     98%         2    ###....
 Confuse                  Hex            #.......     100%        3    ####...
 Summon Small Mammal      Summ           #...         95%         1    ##.....
 Iskenderun's Mystic Bla  Conj           #.......     100%        4    #####..
 Summon Ice Beast         Ice/Summ       #.......     100%        4    #####..
 Call Imp                 Summ           #.......     98%         2    ###....
 Tukima's Dance           Hex            #.......     100%        3    ####...
 Corpse Rot               Necr           N/A          98%         2    ###....
 Stone Arrow              Conj/Erth      #.....       100%        3    ####...
 Deflect Missiles         Chrm/Air       #.........   100%        6    #######
 Passwall                 Tmut/Erth      #.........   98%         2    ###....
 Call Canine Familiar     Summ           #.......     100%        3    ####...
 Ensorcelled Hibernation  Hex/Ice        #.....       98%         2    ###....
 Silence                  Hex/Air        #.........   100%        5    ######.
 Corona                   Hex            #......      95%         1    ##.....
 Lee's Rapid Deconstruct  Erth           #.........   100%        5    ######.
 Sandblast                Erth           #.....       95%         1    ##.....
 Portal Projectile        Hex/Tloc       #.....       100%        3    ####...
 Petrify                  Tmut/Erth      #.......     100%        4    #####..
 Leda's Liquefaction      Hex/Erth       #.........   100%        4    #####..
 Summon Hydra             Summ           #.........   100%        7    #######
 Inner Flame              Hex/Fire       #.......     100%        3    ####...
 Fulminant Prism          Conj/Hex       #.........   100%        4    #####..
 Dazzling Spray           Conj/Hex       #.....       100%        3    ####...
 Force Lance              Conj/Tloc      #.......     100%        4    #####..
 Searing Ray              Conj           #.....       98%         2    ###....
 Discord                  Hex            #.........   100%        8    #######
 Summon Forest            Summ/Tloc      #.........   100%        5    ######.
 Summon Lightning Spire   Summ/Air       #.......     100%        4    #####..
 Summon Guardian Golem    Hex/Summ       #.......     100%        3    ####...
 Hydra Form               Tmut           #.........   100%        6    #######
 Yara's Violent Unravell  Hex/Tmut       #.........   100%        5    ######.


Dungeon Overview and Level Annotations

Branches:
Dungeon (15/15)            Temple (0/1) D:6            Lair (6/6) D:11
 Shoals (0/4) Lair:3        Snake (1/4) Lair:4        Slime (0/5) Lair:5
    Orc (2/2) D:9             Elf (0/3) Orc:2        Vaults (0/5) D:14
 Depths (0/5) D:15

Shops:
D:7 *   D:9 }   Orc:1 *   Orc:2 ([=*

Annotations:
D:11 exclusion: door


Innate Abilities, Weirdness & Mutations

You have an increased reservoir of magic. (+10% MP)


Message History

* * * LOW HITPOINT WARNING * * *
You feel much better.
The shock serpent shoots out a bolt of lightning at you!
The bolt of electricity hits you!
* * * LOW HITPOINT WARNING * * *
The shock serpent bites you but does no damage.
You feel much better. The shock serpent barely misses you.
Firing (i - inventory)
d - 46 bolts (quivered)
Press: ? - help, Shift-Dir - straight line, f/p - mana viper
Aim: a mana viper (severely wounded)
You shoot a bolt.
The bolt pierces through the shock serpent!
The shock serpent is almost dead.
The shock serpent's electric aura discharges, shocking you!
* * * LOW HITPOINT WARNING * * *
The bolt pierces through the mana viper.
The mana viper is severely wounded.
The shock serpent shoots out a bolt of lightning at you!
The bolt of electricity hits you!
You die...

###.###....)......(.#
####............#
#............##
##...........#...
#............# ##
...........###
##........##
##......## #.....@##
..###.##S(..... ## ##
S(..... .......
.(((... ..>....
....... .......


You could see a shock serpent and a mana viper.

Vanquished Creatures
  Saint Roka (Orc:2)
  A sphinx (shapeshifter) (D:14)
  An orc warlord (Orc:2)
  2 dire elephants (Lair:6)
  Azrael (D:12)
  The ghost of paperchamomiles the Severer, a journeyman MiBe of Trog (D:12)
  Josephine (Orc:1)
  A fire dragon (D:15)
  Fannar (D:12)
  An ice dragon (D:15)
  9 hydras
  A naga warrior (Snake:1)
  A catoblepas (D:15)
  2 centaur warriors (D:13)
  11 death yaks
  A death knight (D:13)
  3 two-headed ogres
  An orc high priest (Orc:2)
  A skeletal warrior (D:15)
  A naga ritualist (Snake:1)
  A lindwurm (Lair:6)
  6 orc sorcerers
  A harpy (shapeshifter) (D:14)
  5 orc knights
  A deep elf mage (D:13)
  6 mana vipers (Snake:1)
  18 ugly things
  3 cyclopes
  4 oklob plants (Lair:6)
  3 salamanders (Snake:1)
  12 elephants
  3 centaur zombies
  14 spiny frogs
  4 black mambas
  4 naga magi (Snake:1)
  3 gargoyles
  3 rime drakes
  A freezing wraith (D:13)
  6 komodo dragons
  2 polar bears (Lair:6)
  8 trolls
  A hornet (D:15)
  Grinder (D:3)
  10 slime creatures
  11 blink frogs
  13 dream sheep (Lair:6)
  12 hippogriffs
  A centaur simulacrum (D:15)
  45 yaks
  A tarantella (shapeshifter) (D:14)
  2 fire elementals
  7 basilisks
  3 wyverns
  9 wraiths
  2 hungry ghosts
  A hog (shapeshifter) (D:13)
  A steam dragon (D:13)
  4 vampire mosquitoes (D:15)
  3 wargs
  14 nagas
  A soldier ant (D:11)
  3 acid dragons
  8 water moccasins
  3 hell hounds (D:12)
  A sky beast (D:7)
  8 porcupines
  43 orc warriors
  A hornet zombie (D:14)
  6 ice beasts
  2 black bears
  4 phantoms
  2 necrophages
  12 ogres
  9 wolves
  12 centaurs
  8 crocodiles
  2 big kobolds
  19 bullfrogs
  An elf zombie (Ossuary)
  A wyvern zombie (D:14)
  2 wyvern skeletons
  7 scorpions
  3 killer bees (D:13)
  An electric eel (Lair:2)
  3 howler monkeys
  9 crimson imps
  A bullfrog zombie (D:7)
  A human zombie (Ossuary)
  5 hounds
  A quasit (D:12)
  2 bullfrog skeletons
  A centaur skeleton (D:5)
  15 orc priests
  11 jellies
  20 orc wizards
  17 worker ants
  2 iguanas
  A statue (D:5)
  A big kobold zombie (Ossuary)
  5 hound zombies
  4 hound skeletons
  3 mummies (Ossuary)
  2 worker ant zombies
  A gnoll (D:8)
  10 adders
  A shadow imp (D:6)
  5 oozes
  3 adder skeletons (D:8)
  7 adder zombies (Ossuary)
  3 worms (D:3)
  A dart slug (D:1)
  9 leopard geckos
  67 orcs
  2 giant cockroaches
  9 hobgoblins
  15 jackals
  10 kobolds
  5 quokkas
  A ball python (D:5)
  9 bats
  6 frilled lizards
  3 gnoll zombies (Ossuary)
  7 goblins
  2 goblin zombies (Ossuary)
  3 hobgoblin zombies (Ossuary)
  7 jackal zombies (Ossuary)
  3 kobold zombies (Ossuary)
  An orc zombie (Ossuary)
  3 quokka zombies
  11 rats
  2 rat zombies (Ossuary)
  2 fungi (Orc:2)
762 creatures vanquished.

Vanquished Creatures (others)
  A cyclops (D:14)
  An orc wizard (Orc:1)
  2 orcs (Orc:2)
  A bush (Lair:6)
  29 fungi
  22 plants
56 creatures vanquished.

Grand Total: 818 creatures vanquished

Notes
Turn   | Place    | Note
-------+----------+-------------------------------------------
     0 | D:1      | TheHuntress the Demigod Hunter began the quest for the Orb.
     0 | D:1      | Reached XP level 1. HP: 17/17 MP: 3/3
   260 | D:1      | Reached skill level 4 in Crossbows
   467 | D:1      | Reached XP level 2. HP: 24/24 MP: 4/4
   861 | D:1      | Reached XP level 3. HP: 30/30 MP: 5/5
  1782 | D:2      | Found a snail-covered altar of Cheibriados.
  1933 | D:2      | You fall through a shaft for 2 floors!
  2108 | D:4      | Reached XP level 4. HP: 35/38 MP: 6/6
  2239 | D:3      | Noticed Grinder
  2266 | D:4      | Noticed a big kobold
  2445 | D:4      | Reached XP level 5. HP: 45/46 MP: 7/7
  2489 | D:4      | HP: 1/46 [worker ant (6)]
  2870 | D:4      | Reached skill level 5 in Crossbows
  2905 | D:4      | Found a shimmering altar of Xom.
  4004 | D:3      | Killed Grinder
  4004 | D:3      | Reached skill level 5 in Fighting
  4004 | D:3      | Reached XP level 6. HP: 56/56 MP: 8/8
  4300 | D:4      | Reached skill level 6 in Crossbows
  4558 | D:4      | Found a sacrificial altar of Ru.
  4588 | D:5      | Entered Level 5 of the Dungeon
  4599 | D:5      | Reached XP level 7. HP: 47/61 MP: 9/9
  4697 | D:5      | Found a stormy altar of Qazlal.
  4860 | D:5      | Found a white marble altar of Elyvilon.
  5135 | D:5      | Found a radiant altar of Vehumet.
  5529 | D:6      | Found a sand-covered staircase.
  5534 | Ossuary  | Entered an ossuary
  5889 | Ossuary  | Reached skill level 7 in Crossbows
  6690 | D:6      | Reached XP level 8. HP: 52/70 MP: 10/10
  6821 | D:6      | Found a staircase to the Ecumenical Temple.
  6890 | D:6      | Reached skill level 8 in Crossbows
  7001 | D:6      | Got a flickering copper ring
  7004 | D:6      | Identified the ring "Nok Koy" {rPois rN+ Str-5 Dex+2} (You found it on level 6 of the Dungeon)
  7603 | D:7      | Reached skill level 9 in Crossbows
  8117 | D:7      | Found a basalt altar of Yredelemnul.
  8285 | D:7      | Reached skill level 10 in Crossbows
  8351 | D:7      | Reached skill level 1 in Armour
  8609 | D:7      | Found Ving's General Store.
  8624 | D:7      | Bought a potion of heal wounds for 70 gold pieces
  8638 | D:7      | Reached XP level 9. HP: 68/75 MP: 11/11
  9720 | D:8      | Reached skill level 5 in Armour
  9828 | D:8      | Reached skill level 1 in Evocations
 10324 | D:8      | Found an iron altar of Okawaru.
 10719 | D:9      | Found Kuutoiff's Gadget Shoppe.
 10803 | D:9      | Found an opulent altar of Gozag.
 10820 | D:9      | Found a glowing silver altar of Zin.
 11106 | D:9      | Found a staircase to the Orcish Mines.
 12436 | D:9      | Reached XP level 10. HP: 77/84 MP: 15/15
 12536 | D:9      | Found a hide-covered altar of Uskayaw.
 12581 | D:10     | Entered Level 10 of the Dungeon
 12910 | D:10     | Noticed a two-headed ogre
 12922 | D:10     | Killed a two-headed ogre
 13601 | D:10     | Identified a scroll of acquirement
 13602 | D:10     | Got a warped arbalest
 13603 | D:10     | Identified the +4 arbalest of Coeta {penet, Str+6} (You acquired it on level 10 of the Dungeon)
 14237 | D:11     | Found an iron altar of Okawaru.
 14511 | D:11     | Noticed a cyclops
 15065 | D:11     | Killed a cyclops
 15065 | D:11     | Reached XP level 11. HP: 97/97 MP: 16/16
 15110 | D:11     | Reached skill level 11 in Crossbows
 15505 | D:11     | Found a staircase to the Lair.
 15813 | Lair:1   | Entered Level 1 of the Lair of Beasts
 16572 | Lair:1   | Noticed a six-headed hydra
 16589 | Lair:1   | Killed a one-headed hydra
 17734 | Lair:2   | Got a polished flail
 17735 | Lair:2   | Identified the +3 flail "Gempof" {freeze, rF+ Str-5 Int+2} (You found it on level 2 of the Lair of Beasts)
 17776 | Lair:2   | Found a shadowy altar of Dithmenos.
 18078 | Lair:2   | Reached skill level 12 in Crossbows
 18961 | Lair:3   | Noticed a four-headed hydra
 18968 | Lair:3   | Killed a one-headed hydra
 18968 | Lair:3   | Reached skill level 10 in Fighting
 19235 | Lair:3   | Found a staircase to the Shoals.
 19481 | Lair:3   | Reached XP level 12. HP: 88/106 MP: 17/17
 20039 | Lair:3   | Reached skill level 10 in Armour
 20187 | Lair:3   | Upgraded the game from 0.22-a0-413-ge8614c9 to 0.22-a0-414-gacd343e
 20712 | Lair:4   | Reached skill level 13 in Crossbows
 20920 | Lair:4   | Found a staircase to the Snake Pit.
 21580 | Lair:5   | Noticed an eight-headed hydra
 21657 | Lair:4   | Killed a one-headed hydra
 22890 | Lair:5   | Found a staircase to the Slime Pits.
 23021 | Lair:5   | Noticed a four-headed hydra
 23270 | Lair:5   | Killed a one-headed hydra
 23270 | Lair:5   | Reached skill level 14 in Crossbows
 23848 | Lair:6   | Entered Level 6 of the Lair of Beasts
 23848 | Lair:6   | Noticed a five-headed hydra
 23859 | Lair:6   | Killed a one-headed hydra
 23970 | Lair:6   | Reached XP level 13. HP: 91/113 MP: 18/18
 24604 | Lair:6   | Reached skill level 15 in Crossbows
 25629 | Lair:6   | Noticed a dire elephant
 26587 | Lair:6   | Reached skill level 16 in Crossbows
 27133 | Lair:6   | Killed a dire elephant
 27726 | Lair:6   | Noticed a dire elephant
 27797 | Lair:6   | Killed a dire elephant
 27797 | Lair:6   | Reached skill level 17 in Crossbows
 28357 | Lair:6   | Got a glittering turquoise ring
 28363 | Lair:6   | Identified the ring of Gekhimp {Dex+4 Stlth+} (You found it on level 6 of the Lair of Beasts)
 28587 | Orc:1    | Entered Level 1 of the Orcish Mines
 29072 | Orc:1    | Reached XP level 14. HP: 114/121 MP: 19/19
 29238 | Orc:1    | Found a roughly hewn altar of Beogh.
 29513 | Orc:2    | Entered Level 2 of the Orcish Mines
 30647 | D:9      | Paralysed by an orc sorcerer for 2 turns
 32959 | Orc:2    | Found a staircase to the Elven Halls.
 33227 | Orc:2    | Found Qoclaysi's General Store.
 33465 | Orc:2    | Noticed an orc warlord
 33474 | Orc:2    | Killed an orc warlord
 33483 | Orc:2    | Found Deir's Jewellery Emporium.
 33706 | Orc:2    | Reached skill level 18 in Crossbows
 33777 | Orc:2    | Found Reggyss's Antique Armour Shoppe.
 33818 | Orc:2    | Noticed Saint Roka
 34367 | Orc:1    | Found Haysesaw's General Store.
 34443 | Orc:1    | Noticed Josephine
 34464 | Orc:1    | Killed Josephine
 34507 | Orc:1    | Bought a potion of curing for 45 gold pieces
 34507 | Orc:1    | Bought a scroll of fear for 52 gold pieces
 35168 | Orc:2    | Found Koqogruh's Antique Weapon Boutique.
 35244 | Orc:2    | Killed Saint Roka
 36203 | Orc:2    | Bought a cloak for 117 gold pieces
 36203 | Orc:2    | Bought a pair of boots for 117 gold pieces
 36230 | Orc:2    | Bought a cursed ring of protection from magic for 330 gold pieces
 36312 | D:9      | Bought a lamp of fire for 600 gold pieces
 36498 | D:12     | Reached skill level 5 in Evocations
 36527 | D:12     | Noticed paperchamomiles's ghost (journeyman MiBe)
 36539 | D:12     | Killed paperchamomiles's ghost
 36626 | D:12     | Noticed Fannar
 36637 | D:12     | Killed Fannar
 36665 | D:12     | Noticed Azrael
 37000 | D:12     | Killed Azrael
 37035 | D:12     | HP: 6/124 [fire elemental[Azrael] (1)]
 37206 | D:12     | Found a flickering gateway to a bazaar.
 37212 | Bazaar   | Entered a bazaar
 37212 | Bazaar   | Found Majov's Antique Weapon Boutique.
 37212 | Bazaar   | Found Dilanuepn's Book Shoppe.
 37212 | Bazaar   | Found Uthedoaho's Assorted Antiques.
 37214 | Bazaar   | Found Editioxi's Distillery.
 37214 | Bazaar   | Found Omeok's Food Shop.
 37266 | Bazaar   | Bought a potion of curing for 24 gold pieces
 37266 | Bazaar   | Bought a potion of magic for 64 gold pieces
 37266 | Bazaar   | Bought a potion of heal wounds for 40 gold pieces
 37266 | Bazaar   | Bought a potion of resistance for 80 gold pieces
 37266 | Bazaar   | Bought a potion of haste for 80 gold pieces
 37266 | Bazaar   | Bought a potion of cancellation for 64 gold pieces
 37273 | Bazaar   | Bought a runed arbalest for 217 gold pieces
 38260 | D:13     | Found a shimmering altar of Xom.
 39162 | D:14     | Reached skill level 5 in Dodging
 39522 | D:14     | Reached XP level 15. HP: 124/132 MP: 22/22
 39602 | D:14     | Noticed a fire giant
 39602 | D:14     | a dire elephant changed into a fire giant
 39636 | D:14     | Noticed a sphinx
 39643 | D:14     | Killed a sphinx
 40242 | D:14     | Found a gate to the Vaults.
 40359 | D:15     | Entered Level 15 of the Dungeon
 41879 | D:15     | Found a staircase to the Depths.
 42283 | Snake:1  | Entered Level 1 of the Snake Pit
 42967 | Snake:1  | HP: 1/132 [shock serpent (13)]
 42970 | Snake:1  | Killed from afar by a shock serpent

Vault maps used:
D:1:      minmay_arrival_cross, minmay_misc_feat_alley, minmay_octomino_c4
D:2:      cheibriados_altar_1
D:3:      uniq_grinder
D:4:      lemuel_round_altar, nicolae_ru_path_of_blood, first_ration,
          minmay_gold_behind_fungi, lexackson_kobold_supper
D:5:      vehumet_statue, lemuel_doored_altar, basic_altar
D:6:      minmay_temple_entry_purple_smoke, enter_ossuary_2, minmay_door_square,
          mrwooster_statue_mirror
D:7:      yredelemnul_altar_generic, serial_shops, shop
D:8:      overflow_temple_1_default, hangedman_little_slice_of_home, st_stairs_9
D:9:      kennysheep_little_box, old_standard_altar, zin_academy, orc_0_dummy,
          serial_shops, shop
D:10:     minivault_25
D:11:     erik_lair_dragon, basic_altar
D:12:     serial_shops, bzr_entry_safe, uniq_fannar, uniq_azrael
D:13:     xom_teletrap_fun
D:14:     david_vaults_2
D:15:     grunt_enter_depths_hoard
Lair:2:   statuecave_lemuel, basic_altar, serial_bayou_shore_b
Lair:3:   shoals_dummy_entry, minivault_25, grunt_megastairs_5
Lair:4:   minmay_snake_entry_guardpost_small, hibernation_bobbens
Lair:5:   minmay_slime_entry_pillars
Lair:6:   hangedman_lair_in_review, minmay_lair_oklob_chamber,
          grunt_megastairs_4, serial_bayou_shore_b
Orc:1:    serial_shops, nicolae_shop_window_shopping, basic_altar,
          uniq_josephine
Orc:2:    grunt_orc_gardens, grunt_orc_garden, grunt_orc_garden,
          grunt_orc_garden, grunt_orc_garden, uniq_saint_roka
Bazaar:   bazaar_minmay_generic_island
Ossuary:  minmay_ossuary_two_tombs

Skill      XL: |  1  2  3  4  5  6  7  8  9 10 11 12 13 14 15 |
---------------+----------------------------------------------+-----
Crossbows      | 4 5 6 7 10 12 14 17 18 | 18.0
Fighting       | 2 3 5 6 9 10 11 12 | 12.0
Armour         | 2 6 8 9 11 | 11.0
Evocations     | 3 5 |  5.0
Dodging        | 5 9 |  9.4
Stealth        | |  0.8

Action                   |  1- 3 |  4- 6 |  7- 9 | 10-12 | 13-15 || total
-------------------------+-------+-------+-------+-------+-------++-------
Melee: Short sword       |   165 |   123 |   698 |    76 |       ||  1062
       War axe           |       |       |    43 |   559 |   753 ||  1355
       Scimitar          |       |       |       |       |    32 ||    32
 Fire: Hand crossbow     |    14 |    49 |   167 |    33 |       ||   263
       Arbalest          |       |       |       |   165 |   583 ||   748
Evoke: Wand              |       |       |     2 |     3 |     5 ||    10
       Lightning rod     |       |       |       |       |     4 ||     4
  Use: Scroll            |     4 |     3 |     2 |    21 |    10 ||    40
       Potion            |       |     3 |       |     1 |     7 ||    11
 Stab: Sleeping          |       |       |     2 |       |       ||     2
  Eat: Chunk             |     4 |     8 |    23 |    34 |    51 ||   120
       Ration            |       |       |     1 |     1 |     3 ||     5
Armor: Leather armour    |    45 |    20 |    69 |       |       ||   134
       Chain mail        |       |       |    90 |    16 |       ||   106
       Plate armour      |       |       |       |   676 |  1050 ||  1726
Dodge: Dodged            |    92 |    71 |   292 |   338 |   564 ||  1357
Block: Other             |       |    18 |    88 |   176 |   244 ||   526
       Reflection        |       |       |     1 |       |     4 ||     5
       Rpst.: Scimitar   |       |       |       |       |     9 ||     9

Table legend:
 A = Spawn XP
 B = Non-spawn XP
 C = Spawn XP percentage of total XP
 D = Spawn monster count
 E = Non-spawn monster count
 F = Spawn count percentage of total count
 G = Total turns spent on level
                    A         B        C        D         E        F      G
               +---------+---------+-------+---------+---------+-------+---------
         Total |       0 |  151430 |   0.0 |       0 |     762 |   0.0 | 42970
               +---------+---------+-------+---------+---------+-------+---------
           D:1 |       0 |      64 |   0.0 |       0 |      32 |   0.0 |  1367
           D:2 |       0 |      45 |   0.0 |       0 |      16 |   0.0 |   873
           D:3 |       0 |     372 |   0.0 |       0 |      19 |   0.0 |   856
           D:4 |       0 |     359 |   0.0 |       0 |      20 |   0.0 |  1492
           D:5 |       0 |     262 |   0.0 |       0 |      10 |   0.0 |  1051
           D:6 |       0 |     579 |   0.0 |       0 |      18 |   0.0 |  1526
           D:7 |       0 |    1374 |   0.0 |       0 |      24 |   0.0 |  1017
           D:8 |       0 |    2102 |   0.0 |       0 |      30 |   0.0 |  2111
           D:9 |       0 |    3132 |   0.0 |       0 |      35 |   0.0 |  3649
          D:10 |       0 |    2040 |   0.0 |       0 |      16 |   0.0 |  1112
          D:11 |       0 |    6129 |   0.0 |       0 |      42 |   0.0 |  2400
          D:12 |       0 |    7608 |   0.0 |       0 |      33 |   0.0 |   931
          D:13 |       0 |    8467 |   0.0 |       0 |      39 |   0.0 |  1310
          D:14 |       0 |   13931 |   0.0 |       0 |      37 |   0.0 |  1421
          D:15 |       0 |   10931 |   0.0 |       0 |      35 |   0.0 |  1699
        Lair:1 |       0 |    4232 |   0.0 |       0 |      16 |   0.0 |  1756
        Lair:2 |       0 |    2446 |   0.0 |       0 |      10 |   0.0 |  1064
        Lair:3 |       0 |    6156 |   0.0 |       0 |      31 |   0.0 |  1923
        Lair:4 |       0 |   10457 |   0.0 |       0 |      37 |   0.0 |  2727
        Lair:5 |       0 |    4681 |   0.0 |       0 |      14 |   0.0 |  1605
        Lair:6 |       0 |   32753 |   0.0 |       0 |      75 |   0.0 |  3643
       Snake:1 |       0 |   10489 |   0.0 |       0 |      26 |   0.0 |   687
         Orc:1 |       0 |    8232 |   0.0 |       0 |      55 |   0.0 |  3839
         Orc:2 |       0 |   14232 |   0.0 |       0 |      53 |   0.0 |  1799
       Ossuary |       0 |     357 |   0.0 |       0 |      39 |   0.0 |   877
               +---------+---------+-------+---------+---------+-------+---------
